 Dungeon Crawl Stone Soup version 0.32-a0-132-g2d33c3cfaf (webtiles) character file.

Game seed: 935325895963146716

7 Bravepunisher the Ducker (level 1, -7/11 HPs)
             Began as a Spriggan Monk on Feb 9, 2024.
             Killed from afar by an orc wizard (10 damage)
             ... with a puff of flame
             ... on level 4 of the Dungeon.
             The game lasted 00:01:25 (304 turns).

Bravepunisher the Ducker (Spriggan Monk)             Turns: 304, Time: 00:01:26

Health: -7/11      AC:  2    Str:  7    XL:     1   Next: 83%
Magic:  2/2        EV: 19    Int: 11    God:
Gold:   0          SH:  0    Dex: 17    Spells: 0/0 levels left

rFire   . . .        a - +0 short sword
rCold   . . .        (no shield)
rNeg    . . .        b - +0 robe
rPois   .            (helmet restricted)
rElec   .            (no cloak)
rCorr   .            (gloves unavailable)
SInv    +            (boots unavailable)
Will    .....        (no amulet)
Stlth   ++           (no ring)
HPRegen 0.21/turn    (no ring)
MPRegen 0.08/turn

%: no passive effects
@: very quick
A: very small, no large weapons, unfitting armour, see invisible, speed 3
a: no special abilities


You were on level 4 of the Dungeon.
You visited 1 branch of the dungeon, and saw 5 of its levels.

Inventory:

Hand Weapons
 a - a +0 short sword (weapon)
Armour
 b - a +0 robe (worn)
Potions
 c - a potion of ambrosia
 d - 2 potions of curing {unknown}


   Skills:
 + Level 2.5 Fighting
 - Level 3.2 Short Blades
 * Level 4.4 Dodging


You couldn't memorise any spells.
You didn't know any spells.
Your spell library was empty.

Dungeon Overview and Level Annotations

Branches:
Dungeon (5/15)
 Temple: D:4-7

Altars:
Ashenzari


Innate Abilities, Weirdness & Mutations

You are very small and have problems with some larger weapons.
You are too small for most types of armour.
You have supernaturally acute eyesight. (SInv)
You cover ground extremely quickly. (Speed+++)


Message History

The kobold shouts!
Found 2 inky potions.
d - 2 inky potions
Found 12 gold pieces.
Found 5 stones.
Found a broken altar of Ashenzari.
An adder comes into view.
An adder comes into view.
The adder hisses angrily. x2
An ogre comes into view. It is wielding a +0 giant club.
Found a book of Touch.
A ball python comes into view.
Found a ring mail.
The ball python hisses angrily.
You see here a book of Touch.
An adder comes into view.
A scorpion comes into view.
A jelly comes into view.
The jelly quivers.
The scorpion misses you. The adder misses you.
The scorpion attacks as it pursues you!
The scorpion stings you but does no damage.
The adder barely misses you. The adder attacks as it pursues you!
The adder misses you. The adder attacks as it pursues you! The adder bites you.
You are poisoned.
The adder poisons you!
Found a mace and an inky potion.
You feel sick. The adder attacks as it pursues you! The adder misses you.
You feel sick.
You feel sick.
You feel sick.
You feel sick.
You feel sick.
You feel sick.
You are no longer poisoned.
The orc wizard casts a spell at you. The puff of flame hits you!
Ouch! That really hurt!
You die...

. .# ###..#
#.o..o. #.##..#
#.##..# #.##..#
#.##..#
#.##..### #.
#@##....# #.####
#.###.#.##
#.....
#.###..s.####..#
#...S.###......#
####.## ##.###.#
#.# #.....# #.#
#.###.### ##.
#)####.... #
.!####.....


You could see an orc wizard.

Vanquished Creatures
  A ball python (D:3)
  2 endoplasms
  2 hobgoblins
5 creatures vanquished.

Notes
Turn   | Place    | Note
-------+----------+-------------------------------------------
     0 | D:1      | Bravepunisher the Spriggan Monk began the quest for the
                  | Orb.
     0 | D:1      | Reached XP level 1. HP: 11/11 MP: 2/2
   152 | D:5      | Entered Level 5 of the Dungeon
   183 | D:4      | Noticed an orc wizard
   211 | D:4      | Noticed an iguana
   261 | D:4      | Found a broken altar of Ashenzari.
   264 | D:4      | Noticed an ogre
   282 | D:4      | Noticed a scorpion
   283 | D:4      | Noticed a jelly
   304 | D:4      | Killed from afar by an orc wizard

Illustrated notes

Levels and vault maps discovered:
D:1:      amcnicky_arrival_underground_garden, layout_basic, minmay_tromino_v4_a
D:2:      layout_loops_ring
D:3:      layout_loops_ring, mainiacjoe_overflow_paths,
          nicolae_wu_jian_wuxing_cycle, guppyfry_early_orc_mine, uniq_terence
D:4:      layout_loops_ring, mainiacjoe_overflow_chevrons,
          nicolae_alphabet_shops
D:5:      layout_cave_pools, lemuel_mausoleum_altar_kikubaaqudgha,
          minmay_misc_feat_room

Action                     || total
---------------------------++-------
  Melee: Short sword       ||    30
 Armour: Robe              ||    16
  Dodge: Dodged            ||    58

Table legend: (Time is in decaauts)
 A = Elapsed time spent in this place.
 B = Non-inter-level travel time spent in this place.
 C = Inter-level travel time spent in this place.
 D = Time resting spent in this place.
 E = Time spent auto-exploring this place.
 F = Levels seen in this place.
 G = Mean time per level.
                   A        B        C        D        E       F      G
               +--------+--------+--------+--------+--------+-----+--------+
         Total |    205 |    205 |      0 |      0 |     53 |   5 |   41.0 |
       Dungeon |    205 |    205 |      0 |      0 |     53 |   5 |   41.0 |
               +--------+--------+--------+--------+--------+-----+--------+

Top non-repeatable levels by time:
     D:4: 98 daAuts
     D:1: 82 daAuts
     D:3: 16 daAuts
     D:2: 6 daAuts
     D:5: 1 daAuts
